 Dungeon Crawl Stone Soup version 0.29-a0-555-g3b24f45cc1 (webtiles) character file.

Game seed: 14989803528440512166

68800 thriggle the Covert (level 15, -7/91 HPs)
             Began as a Kobold Enchanter on June 6, 2022.
             Was an Initiate of Gozag.
             Mangled by an orc knight
             ... wielding a +0 long sword
              (35 damage)
             ... on level 2 of the Orcish Mines on June 7, 2022.
             The game lasted 02:25:58 (29699 turns).

thriggle the Covert (Kobold Enchanter)             Turns: 29699, Time: 02:26:00

Health: -7/91      AC: 10    Str: 12    XL:     15   Next: 71%
Magic:  20/28      EV: 25    Int: 18    God:    Gozag
Gold:   5851       SH: 16    Dex: 26    Spells: 9/32 levels left

rFire   . . .      SeeInvis +   v - +3 rapier (flame)
rCold   + + .      Faith    .   N - +3 buckler
rNeg    . . .      Spirit   .   b - +2 robe {rC+}
rPois   +          Reflect  +   C - +1 helmet
rElec   +          Harm     .   j - +2 cloak {rPois}
rCorr   .          Rampage  .   (no gloves)
Will    +....                   U - +0 pair of boots
Stlth   +++++++++.              M - amulet of Liberty {Reflect rElec Dex+4 SH+5 Stlth+}
HPRegen 0.25/turn               e - ring "Cutset" {rF+ Dex+3}
MPRegen 0.21/turn               q - ring of the Heavens {Ice rPois Str+4 SInv Stlth+}

@: freezing walls
A: small, no large weapons, nightstalker 3, poison resistance
a: Renounce Religion, Potion Petition, Call Merchant, Bribe Branch


You were on level 2 of the Orcish Mines.
You worshipped Gozag.
Gozag was greatly pleased with you.
You visited 3 branches of the dungeon, and saw 20 of its levels.
You also visited: Ice Cave.

You collected 7621 gold pieces.
You spent 1520 gold pieces at shops.
You paid 250 gold pieces to Gozag.

Inventory:

Hand Weapons
 t - a +0 rapier of electrocution
 v - a +3 rapier of flaming (weapon)
 G - the +4 mace of Youthful Indiscretion {freeze, rElec rC+}
   (You found it in an ice cave)

   It freezes those it strikes, dealing additional cold damage.
   It can also slow down cold-blooded creatures.
   rC:        It protects you from cold.
   rElec:     It insulates you from electricity.
 P - a +1 rapier of freezing
 R - a +2 vampiric short sword
Missiles
 f - 14 boomerangs
 E - 23 poisoned darts (quivered)
 V - 6 throwing nets
Armour
 a - a scarf of invisibility
 b - a +2 robe of cold resistance (worn)
 j - a +2 cloak of poison resistance (worn)
 o - a +0 robe of resistance
 r - the +3 leather armour of Huawanax {rElec rC+ rN++ Int-2}
   (You found it on level 5 of the Lair of Beasts)

   Int:       It affects your intelligence (-2).
   rC:        It protects you from cold.
   rElec:     It insulates you from electricity.
   rN:        It greatly protects you from negative energy.
 C - a +1 helmet (worn)
 D - a scarf of repulsion
 N - a +3 buckler (worn)
 U - a +0 pair of boots (worn)
Jewellery
 e - the ring "Cutset" (left hand) {rF+ Dex+3}
   (You acquired it in an ice cave)

   [ring of protection from fire]

   Dex:       It affects your dexterity (+3).
   rF:        It protects you from fire.
 k - a ring of wizardry
 q - the ring of the Heavens (right hand) {Ice rPois Str+4 SInv Stlth+}
   (You found it in an ice cave)

   [ring of ice]

   It enhances your ice magic.
   Str:       It affects your strength (+4).
   rF:        It makes you vulnerable to fire.
   rC:        It protects you from cold.
   rPois:     It protects you from poison.
   SInv:      It lets you see invisible.
   Stlth:     It makes you more stealthy.
 s - the ring of Hehamiag {Ice rCorr Str+2 Int+2 Dex-2}
   (You found it on level 2 of the Dungeon)

   [ring of ice]

   It enhances your ice magic.
   Str:       It affects your strength (+2).
   Int:       It affects your intelligence (+2).
   Dex:       It affects your dexterity (-2).
   rF:        It makes you vulnerable to fire.
   rC:        It protects you from cold.
   rCorr:     It protects you from acid and corrosion.
 F - a ring of protection from fire
 J - a ring of wizardry
 M - the amulet of Liberty (around neck) {Reflect rElec Dex+4 SH+5 Stlth+}
   (You bought it in a shop on level 4 of the Dungeon)

   [amulet of reflection]

   It reflects blocked missile attacks.
   Dex:       It affects your dexterity (+4).
   rElec:     It insulates you from electricity.
   SH:        It affects your SH (+5).
   Stlth:     It makes you more stealthy.
 Y - a ring of protection from cold
Wands
 x - a wand of digging (4)
 y - a wand of iceblast (18)
 H - a wand of mindburst (6)
 I - a wand of flame (1)
 Q - a wand of polymorph (3)
 S - a wand of charming (3)
Scrolls
 d - a scroll of fog
 h - 7 scrolls of teleportation
 i - 3 scrolls of amnesia
 p - 2 scrolls of poison
 L - a scroll of fear
 X - 5 scrolls of identify
Potions
 g - 3 potions of heal wounds
 l - a potion of magic
 n - 7 potions of curing
 z - 2 potions of resistance
 A - a potion of cancellation
 B - 3 potions of might
 K - 2 potions of brilliance
 T - a potion of berserk rage
 W - 3 potions of flight
 Z - 3 potions of mutation
Miscellaneous
 c - a box of beasts
 m - a piece from Xom's chessboard (15/15)


   Skills:
 + Level 9.6 Fighting
 + Level 11.7 Short Blades
 - Level 6.0 Throwing
 + Level 11.0 Dodging
 + Level 13.2 Stealth
 + Level 6.8 Shields
 + Level 9.2 Spellcasting
 + Level 2.1 Conjurations
 + Level 9.9 Hexes
 + Level 8.9 Ice Magic
 + Level 10.4 Evocations


You had 9 spell levels left.
You knew the following spells:

 Your Spells              Type           Power      Damage    Failure   Level
a - Ensorcelled Hibernat  Hex/Ice        100%       N/A       1%          2
b - Tukima's Dance        Hex            43%        N/A       1%          3
c - Confusing Touch       Hex            43%        N/A       1%          3
d - Ozocubu's Armour      Ice            57%        N/A       1%          3
e - Frozen Ramparts       Ice            100%       1d12      1%          3
f - Magic Dart            Conj           60%        1d6       4%          1
g - Dazzling Flash        Conj/Hex       58%        N/A       3%          3
h - Metabolic Englaciati  Hex/Ice        29%        N/A       7%          5

Your spell library contained the following spells:

 Spells                   Type           Power      Damage    Failure   Level
 Inner Flame              Hex/Fire       26%        N/A       4%          3
 Portal Projectile        Hex/Tloc       52%        N/A       4%          3
 Foxfire                  Conj/Fire      48%        2x1d6     8%          1
 Apportation              Tloc           16%        N/A       12%         1
 Leda's Liquefaction      Hex/Erth       13%        N/A       16%         4
 Blink                    Tloc           16%        N/A       19%         2
 Call Imp                 Summ           8%         N/A       19%         2
 Poisonous Vapours        Pois/Air       16%        N/A       19%         2
 Ice Form                 Ice/Tmut       36%        N/A       19%         4
 Summon Ice Beast         Ice/Summ       36%        N/A       19%         4
 Conjure Flame            Conj/Fire      12%        6-21      24%         3
 Stone Arrow              Conj/Erth      24%        3d8       24%         3
 Mephitic Cloud           Conj/Pois/Air  10%        N/A       26%         3
 Call Canine Familiar     Summ           8%         N/A       36%         3
 Lesser Beckoning         Tloc           8%         N/A       36%         3
 Silence                  Hex/Air        13%        N/A       41%         5
 Flame Wave               Conj/Fire      12%        2d6       61%         4
 Animate Armour           Summ/Erth      16%        N/A       77%         4
 Summon Lightning Spire   Summ/Air       8%         N/A       77%         4
 Ozocubu's Refrigeration  Ice            28%        4d10      95%         7
 Agony                    Necr           8%         N/A       98%         5
 Alistair's Intoxication  Tmut/Pois      5%         N/A       98%         5
 Lee's Rapid Deconstruct  Erth           4%         3d6*      98%         5
 Manifold Assault         Tloc           8%         N/A       98%         5
 Summon Forest            Summ/Tloc      4%         N/A       98%         5
 Starburst                Conj/Fire      6%         6d4       100%        6
 Statue Form              Tmut/Erth      5%         N/A       100%        6
 Malign Gateway           Summ/Tloc      4%         N/A       100%        7
 Borgnjor's Revivificati  Necr           4%         N/A       100%        8
 Ignition                 Fire           4%         3d4       100%        8
 Lehudib's Crystal Spear  Conj/Erth      6%         10d3      100%        8
 Necromutation            Tmut/Necr      4%         N/A       100%        8
 Death's Door             Necr           4%         N/A       100%        9
 Corpse Rot               Necr/Pois/Air  Unusable   N/A       N/A         4
 Simulacrum               Ice/Necr       Unusable   N/A       N/A         6

Dungeon Overview and Level Annotations

Branches:
Dungeon (12/15)            Temple (0/1) D:6            Lair (6/6) D:10
 Shoals (0/4) Lair:2        Snake (0/4) Lair:4        Slime (0/5) Lair:5
    Orc (2/2) D:10            Elf (0/3) Orc:2         IceCv (visited)

Altars:
Ashenzari
Cheibriados
Elyvilon
Fedhas
Gozag
Kikubaaqudgha
Nemelex Xobeh
Qazlal
Ru
Sif Muna
Trog
Uskayaw
Vehumet
Wu Jian
Yredelemnul
Beogh
Jiyva

Shops:
D:4 =:(   D:9 [   Orc:1 [


Innate Abilities, Weirdness & Mutations

You are small and have problems with some larger weapons.
You are completely attuned to the shadows.
Your system is resistant to poisons. (rPois)


Message History

You hit the orc knight but do no damage.
The orc knight is no longer distracted by gold.
The orc knight is heavily wounded.
The orc knight is no longer blind.
The orc knight shoots a bolt.
The bolt completely misses you.
Your +1 glaive hits the orc knight but does no damage.
You barely miss the orc knight.
The orc knight is heavily wounded.
You block the orc knight's attack.
The orc knight shoots a bolt.
The bolt hits you!
* * * LOW HITPOINT WARNING * * *
As you read the scroll of fog, it crumbles to dust.
The scroll dissolves into smoke.
The orc knight misses you. The orc completely misses you.
Your +1 glaive hits the orc knight from afar.
The orc knight roars a battlecry!
You hear a shout! x2
You hear a shout!
Your +1 glaive hits the orc knight.
The orc is distracted by your dazzling golden aura.
The orc knight hits your +1 glaive but does no damage.
The orc knight shoots a bolt.
The bolt completely misses you.
Casting: Dazzling Flash (mildly dangerous; 3% risk of failure)
Confirm with . or Enter, or press ? or * to list all spells.
Okay, then.
The orc knight unwields a +3 arbalest.
The orc knight wields a +0 long sword.
The orc knight hits you but does no damage.
You hit the orc knight but do no damage.
The orc knight is lightly wounded.
Casting: Dazzling Flash (mildly dangerous; 3% risk of failure)
Confirm with . or Enter, or press ? or * to list all spells.
Casting: Frozen Ramparts (safe; 1% risk of failure)
Press: ? - help, Dir - look around, f - activate
There is a cloud of purple smoke here.
You feel a surge of power!
The walls around you are covered in ice.
The wall freezes the orc knight!
The orc knight hits you with a +0 long sword!!
You die...
Your body crumbles into a pile of gold.

#####....########.#....#
##.)#......# ##......##
#..........######........##
####.........##§§§§..).....#
##.....#....).§§§§§...)...#####
#.....###....(o§o§§...........##
......###...§§§§§§§............##
.......##.#...§§o§##.#..........#
).....######....@#########.......
......##.#........## ##..>....#
......)##).)..#....## ##.......##
#.....)#......##....###.......##
###..........##...........#..##
##.....)....#.#.#.........#.##
#.#........######........###
####......## #.......## #......#
#......##


You could see an orc knight (strong).

Vanquished Creatures
  Kirke (Lair:5)
  An azure jelly (IceCv)
  An orc warlord (Orc:2)
  A quicksilver ooze (IceCv)
  A fire dragon (Lair:6)
  Harold (D:11)
  6 hydras
  Fannar (Lair:2)
  3 two-headed ogres
  3 orc high priests (Orc:2)
  Amaemon (Lair:2)
  2 lindwurms (Lair:6)
  2 orc knights (Orc:2)
  3 orc sorcerers
  2 ugly things (D:12)
  2 cyclopes
  A manticore (D:11)
  4 black mambas
  16 elephants
  3 gargoyles
  12 cane toads
  5 torpor snails (Lair:6)
  An orange demon (Lair:2)
  4 rime drakes
  A kobold demonologist (D:12)
  4 komodo dragons
  2 entropy weaver simulacra (IceCv)
  6 trolls
  3 tyrant leeches (Lair:6)
  A snapping turtle (Lair:2)
  7 hornets (Lair:6)
  12 slime creatures (IceCv)
  5 dream sheep (Lair:6)
  23 blink frogs
  A wraith (D:11)
  A shadow (D:11)
  5 wyverns
  A fire elemental (D:12)
  5 hogs (Lair:6)
  Grum (D:10)
  42 yaks
  3 basilisks
  2 steam dragons
  7 vampire mosquitoes
  4 nagas (Lair:4)
  A warg (Orc:1)
  An acid dragon (D:11)
  15 water moccasins
  2 demonic crawler simulacra (IceCv)
  2 black bears
  33 orc warriors
  A sky beast (D:6)
  3 ice beasts (D:7)
  An ogre (Orc:2)
  5 ugly thing simulacra (IceCv)
  19 wolves
  4 centaurs
  2 phantoms
  2 kobold brigands (D:7)
  A necrophage (D:6)
  19 bullfrogs
  A wyvern zombie (D:6)
  2 gnoll sergeants (D:9)
  5 scorpions
  4 wights
  4 glowing shapeshifter simulacra (IceCv)
  A water moccasin zombie (D:6)
  A water moccasin skeleton (D:6)
  2 howler monkeys (D:10)
  6 electric eels
  3 centaur zombies (D:6)
  5 bullfrog zombies (D:6)
  3 jellies
  2 hounds
  2 bullfrog skeletons (D:6)
  A gnoll shaman (D:7)
  Crazy Yiuf (D:5)
  A centaur skeleton (D:6)
  26 orc priests
  4 iguanas
  29 orc wizards
  A killer bee zombie (D:6)
  A spriggan simulacrum (D:11)
  A howler monkey zombie (D:6)
  8 gnolls
  5 adders
  A naga simulacrum (D:11)
  3 shadow imps (D:7)
  A white imp (D:8)
  An ufetubus (D:5)
  5 worms
  A dart slug (D:1)
  86 orcs
  10 ball pythons
  5 bats
  8 endoplasms
  3 giant cockroaches
  7 goblins
  6 hobgoblins
  2 jackals (D:1)
  15 kobolds
  4 quokkas
  4 frilled lizards (D:2)
  12 rats
617 creatures vanquished.

Vanquished Creatures (collateral kills)
  2 slime creatures (IceCv)
  An entropy weaver simulacrum (IceCv)
  An orc warrior (Orc:1)
  An ugly thing simulacrum (IceCv)
  A gnoll sergeant (D:6)
  An orc wizard (D:8)
  5 gnolls
  5 orcs
17 creatures vanquished.

Vanquished Creatures (others)
  A human (Lair:6)
  7 dancing weapons
  An orc priest (Orc:2)
  48 fungi
  104 plants
  11 withered plants (D:6)
172 creatures vanquished.

Grand Total: 806 creatures vanquished

Notes
Turn   | Place    | Note
-------+----------+-------------------------------------------
     0 | D:1      | thriggle the Kobold Enchanter began the quest for the Orb.
     0 | D:1      | Reached XP level 1. HP: 10/10 MP: 3/3
   146 | D:1      | Reached XP level 2. HP: 16/16 MP: 5/5
   149 | D:1      | Learned a level 2 spell: Ensorcelled Hibernation
   525 | D:1      | Reached XP level 3. HP: 20/20 MP: 3/6
   563 | D:1      | Learned a level 3 spell: Tukima's Dance
   592 | D:1      | Found a faded altar of an unknown god.
   597 | D:1      | Prayed at the altar of an unknown god.
   597 | D:1      | Became a worshipper of Gozag Ym Sagoz the Greedy
   913 | D:2      | Reached skill level 1 in Fighting
  1018 | D:2      | Reached skill level 1 in Throwing
  1018 | D:2      | Reached XP level 4. HP: 14/25 MP: 0/7
  1058 | D:2      | Identified the ring of Hehamiag {Ice rCorr Str+2 Int+2
                  | Dex-2}
  1484 | D:2      | Reached skill level 1 in Conjurations
  1987 | D:3      | Reached XP level 5. HP: 24/29 MP: 5/8
  2143 | D:3      | Found a stormy altar of Qazlal.
  2285 | D:3      | Gained mutation: You are partially covered in iridescent
                  | scales. (AC +2) [potion of mutation]
  2571 | D:3      | Lost mutation: You are partially covered in iridescent
                  | scales. (AC +2) [potion of mutation]
  2571 | D:3      | Gained mutation: You are occasionally teleported next to
                  | monsters. [potion of mutation]
  2571 | D:3      | Gained mutation: You have hidden genetic defects. [potion
                  | of mutation]
  2571 | D:3      | Gained mutation: You have a pair of small antennae on your
                  | head. [potion of mutation]
  2572 | D:3      | Lost mutation: You have a pair of small antennae on your
                  | head. [potion of mutation]
  2572 | D:3      | Lost mutation: You have hidden genetic defects. [potion of
                  | mutation]
  2572 | D:3      | Lost mutation: You are occasionally teleported next to
                  | monsters. [potion of mutation]
  2572 | D:3      | Gained mutation: Your system is resistant to poisons.
                  | (rPois) [potion of mutation]
  2590 | D:4      | Learned a level 3 spell: Confusing Touch
  2632 | D:4      | Found Quameir's Book Boutique.
  2637 | D:4      | Bought a book of Rime for 392 gold pieces
  2708 | D:4      | Reached skill level 1 in Ice Magic
  2893 | D:4      | Noticed a black bear
  2899 | D:4      | Killed a black bear
  2900 | D:4      | Reached skill level 1 in Evocations
  2900 | D:4      | Reached XP level 6. HP: 26/35 MP: 6/10
  3072 | D:4      | Found Agioner's Antique Weapon Shoppe.
  3142 | D:4      | Found a sparkling altar of Nemelex Xobeh.
  3153 | D:4      | Found a radiant altar of Vehumet.
  3249 | D:4      | Found a sacrificial altar of Ru.
  3266 | D:4      | Found Ammen's Jewellery Boutique.
  3273 | D:4      | Reached skill level 5 in Stealth
  3318 | D:4      | Noticed an orc warrior
  3338 | D:4      | Killed an orc warrior
  3339 | D:4      | Reached XP level 7. HP: 40/40 MP: 6/11
  3379 | D:4      | Learned a level 3 spell: Ozocubu's Armour
  4277 | D:5      | Entered Level 5 of the Dungeon
  4877 | D:5      | Noticed a water moccasin
  5059 | D:5      | Found a bloodstained altar of Trog.
  5280 | D:5      | Reached XP level 8. HP: 36/45 MP: 4/13
  5889 | D:5      | Found a runed translucent door.
  5892 | D:5      | Noticed Crazy Yiuf
  5897 | D:5      | Killed Crazy Yiuf
  6354 | D:6      | Reached skill level 6 in Stealth
  6813 | D:4      | Bought the amulet of Liberty {Reflect rElec Dex+4 SH+5
                  | Stlth+} for 772 gold pieces
  6874 | D:6      | Reached XP level 9. HP: 51/51 MP: 9/15
  6885 | D:6      | Learned a level 3 spell: Frozen Ramparts
  7390 | D:6      | Reached skill level 5 in Dodging
  7577 | D:6      | Reached skill level 5 in Short Blades
  7854 | D:6      | Found a staircase to the Ecumenical Temple.
  7888 | D:6      | Reached skill level 1 in Shields
  8061 | D:7      | Noticed a gargoyle
  8147 | D:7      | Found a hide-covered altar of Uskayaw.
  8201 | D:7      | Found an ancient bone altar of Kikubaaqudgha.
  8284 | D:7      | Reached skill level 7 in Stealth
  8284 | D:7      | Reached skill level 5 in Hexes
  8286 | D:7      | Found a white marble altar of Elyvilon.
  8901 | D:7      | Reached XP level 10. HP: 45/57 MP: 13/17
  8991 | D:7      | Killed a gargoyle
  9002 | D:7      | Reached skill level 5 in Spellcasting
  9165 | D:7      | Got Sif Muna's Reference Book on Calling
  9413 | D:8      | Found a shimmering blue altar of Sif Muna.
  9423 | D:8      | Reached skill level 5 in Evocations
  9472 | D:8      | Reached skill level 5 in Throwing
  9476 | D:8      | Reached skill level 5 in Fighting
  9572 | D:8      | Reached skill level 8 in Stealth
 10205 | D:8      | Found an ornate altar of the Wu Jian Council.
 10749 | D:9      | Found Lehoaniw's Antique Armour Emporium.
 10756 | D:9      | Bought a runed scarf for 184 gold pieces
 10756 | D:9      | Bought an embroidered cloak for 172 gold pieces
 10841 | D:9      | Reached XP level 11. HP: 64/64 MP: 5/19
 11003 | D:9      | Found a blossoming altar of Fedhas.
 11033 | D:9      | Noticed a two-headed ogre
 11036 | D:9      | Killed a two-headed ogre
 11037 | D:9      | Reached skill level 5 in Ice Magic
 11143 | D:9      | Found a broken altar of Ashenzari.
 11421 | D:10     | Entered Level 10 of the Dungeon
 11547 | D:10     | Noticed a two-headed ogre
 11553 | D:10     | Killed a two-headed ogre
 11700 | D:10     | Found a basalt altar of Yredelemnul.
 11764 | D:10     | Found a staircase to the Lair.
 11993 | D:10     | Noticed Grum
 12004 | D:10     | Killed Grum
 12034 | D:10     | Found a staircase to the Orcish Mines.
 12126 | D:9      | Reached skill level 9 in Stealth
 12258 | D:10     | Found a snail-covered altar of Cheibriados.
 12738 | D:11     | Found a frozen archway.
 12739 | D:11     | Noticed a two-headed ogre
 12849 | D:11     | Learned a level 1 spell: Magic Dart
 12862 | IceCv    | Entered an ice cave
 13434 | IceCv    | Reached XP level 12. HP: 62/70 MP: 21/21
 14720 | IceCv    | Found a viscous altar of Jiyva.
 14720 | IceCv    | Noticed an azure jelly
 14723 | IceCv    | Noticed a quicksilver ooze
 15075 | IceCv    | Identified a scroll of acquirement
 15075 | IceCv    | Acquired the ring "Cutset" {rF+ Dex+3}
 15287 | IceCv    | Killed a quicksilver ooze
 15291 | IceCv    | Killed an azure jelly
 15292 | IceCv    | Reached skill level 10 in Stealth
 15305 | IceCv    | Got the ring of the Heavens {Ice rPois Str+4 SInv Stlth+}
 15307 | IceCv    | Identified the amulet of Boschos {Spirit rPois Str-4
                  | Stlth+}
 15310 | IceCv    | Got the +4 mace of Youthful Indiscretion {freeze, rElec
                  | rC+}
 16352 | D:11     | Noticed Harold
 16361 | D:11     | Killed Harold
 16367 | D:11     | Noticed an eight-headed hydra
 16377 | D:11     | Killed a two-headed ogre
 17007 | D:11     | Reached XP level 13. HP: 76/76 MP: 23/23
 17168 | D:11     | Killed an eight-headed hydra
 18510 | Lair:1   | Entered Level 1 of the Lair of Beasts
 18759 | Lair:1   | Noticed a seven-headed hydra
 18764 | Lair:1   | Killed a seven-headed hydra
 18765 | Lair:1   | Reached skill level 11 in Stealth
 18765 | Lair:1   | Reached skill level 5 in Shields
 19385 | Lair:2   | Noticed Amaemon
 19389 | Lair:2   | Killed Amaemon
 19752 | Lair:2   | Noticed Fannar
 19756 | Lair:2   | Killed Fannar
 20495 | Lair:2   | Found a staircase to the Shoals.
 20501 | Lair:2   | Reached skill level 10 in Short Blades
 20599 | Lair:3   | Reached XP level 14. HP: 78/84 MP: 19/25
 21964 | Lair:4   | Found a staircase to the Snake Pit.
 22000 | Lair:4   | Identified the +11 trident "Etisuop" {vorpal, Contam rPois
                  | rCorr}
 22781 | Lair:4   | Reached skill level 12 in Stealth
 23161 | Lair:4   | Reached skill level 10 in Dodging
 23940 | Lair:5   | Learned a level 3 spell: Dazzling Flash
 23946 | Lair:5   | Learned a level 5 spell: Metabolic Englaciation
 24053 | Lair:5   | Found a staircase to the Slime Pits.
 24053 | Lair:5   | Found a viscous altar of Jiyva.
 24224 | Lair:5   | Identified the +3 leather armour of Huawanax {rElec rC+
                  | rN++ Int-2}
 24739 | Lair:6   | Entered Level 6 of the Lair of Beasts
 24793 | Lair:6   | Noticed Kirke
 25117 | Lair:5   | Noticed a sphinx
 25190 | Lair:5   | Killed Kirke
 25534 | Lair:6   | Found a runed translucent door.
 25632 | Lair:6   | Upgraded the game from 0.29-a0-553-g81b289dbe5 to
                  | 0.29-a0-555-g3b24f45cc1
 25653 | Lair:6   | Reached XP level 15. HP: 90/90 MP: 9/27
 26130 | Lair:6   | Reached skill level 10 in Evocations
 26774 | Lair:6   | Got the Almanac of Ensnaring Ignition
 27620 | Orc:1    | Entered Level 1 of the Orcish Mines
 28002 | Orc:1    | You fall into a shaft and drop 1 floor!
 28002 | Orc:2    | Entered Level 2 of the Orcish Mines
 28365 | Orc:1    | Found Ogufic's Armour Emporium.
 28456 | Orc:1    | Reached skill level 13 in Stealth
 29118 | Orc:2    | Found a staircase to the Elven Halls.
 29254 | Orc:2    | Noticed an orc warlord
 29262 | Orc:2    | Killed an orc warlord
 29699 | Orc:2    | Mangled by an orc knight

Illustrated notes

Levels and vault maps discovered:
D:1:      minmay_arrival_open_corners, layout_rooms,
          dilly_ecumenical_altar_fadedgnrine, minmay_rat_gold_closets
D:2:      layout_loops_ring, minmay_joined_circles
D:3:      layout_basic, mainiacjoe_overflow_chevrons
D:4:      layout_basic, amethyst_overflow_temple_binary,
          nicolae_ru_awakened_eye, serial_shops, nicolae_diamond_shop,
          shop_coins, nicolae_diamond_shop, minmay_misc_feat_plants
D:5:      layout_basic, mainiacjoe_overflow_paths, uniq_crazy_yiuf_cottage
D:6:      layout_cave_pools, temple_hall, serial_undead, serial_undead_f,
          serial_undead_d, serial_undead_e, serial_undead_b, serial_undead_e,
          serial_undead_a, serial_undead_e, serial_undead_b, serial_undead_a,
          serial_undead_b, minivault_27, nicolae_fountain_basement
D:7:      minmay_clustersquares, layout_basic, kiku_gazebo_garden_becter,
          mainiacjoe_overflow_six_doors_small, amcnicky_altar_gilded
D:8:      layout_basic, kennysheep_orc_sif_temple,
          mainiacjoe_overflow_cross_hatched, minmay_misc_feat_rugged
D:9:      layout_cave_pools, overflow_temple_1_default,
          mainiacjoe_overflow_concentric_impassable, serial_shops,
          nicolae_diamond_shop
D:10:     layout_basic, nicolae_overflow_hidden_temple, general_overflow_altar,
          uniq_grum
D:11:     layout_basic, portal_ice_cave_entry_ice_simulacra, uniq_harold
D:12:     layout_loops_cross, kennysheep_generic_room_16
Lair:1:   layout_concentric_octagons, grunt_megastairs_1, lemuel_fruit_tree
Lair:2:   layout_gridlike, minmay_shoals_entry_hut, uniq_amaemon, uniq_fannar
Lair:3:   layout_long_grid
Lair:4:   layout_regular_city, guppyfry_snake_entry_garden, serial_bayou_pond_b,
          grunt_megastairs_2, infiniplex_staircase_pool
Lair:5:   layout_loops_ring, slime_altar_1
Lair:6:   wormcave, layout_regular_city, nicolae_quartered_pool_super,
          serial_bayou_shore_a, uniq_kirke
Orc:1:    layout_diamond_mine, serial_shops, nicolae_lakefront_shop, basic_altar
Orc:2:    st_orc_congregation, layout_diamond_mine, basic_altar,
          ebering_ghost_xom

Skill      XL: |  1  2  3  4  5  6  7  8  9 10 11 12 13 14 15 |
---------------+----------------------------------------------+-----
Short Blades   | 2 3 4 5 6 7 8 10 11 | 11.7
Fighting       | 1 2 3 4 5 6 7 8 9 |  9.6
Throwing       | 1 2 3 4 5 6 |  6.0
Conjurations   | 1 2 |  2.1
Dodging        | 3 4 5 6 7 8 9 10 11 | 11.0
Ice Magic      | 1 2 3 4 5 6 7 8 |  8.9
Evocations     | 1 2 3 4 5 6 7 8 9 10 | 10.4
Stealth        | 5 6 7 8 9 10 11 12 13 | 13.2
Spellcasting   | 3 4 5 6 7 8 9 |  9.2
Hexes          | 4 5 6 7 8 9 |  9.9
Shields        | 1 2 3 4 5 6 |  6.8

Action                   |  1- 3 |  4- 6 |  7- 9 | 10-12 | 13-15 || total
-------------------------+-------+-------+-------+-------+-------++-------
Melee: Dagger            |    71 |    70 |   310 |       |       ||   451
       Punch             |       |       |     3 |     1 |       ||     4
       Short sword       |       |       |    32 |   479 |       ||   511
       Rapier            |       |       |       |    56 |   748 ||   804
Throw: Boomerang         |       |       |     5 |     6 |     6 ||    17
       Dart              |       |       |       |       |    40 ||    40
 Cast: Ensorcelled Hiber |    13 |    26 |    45 |    41 |   124 ||   249
       Tukima's Dance    |     1 |       |    14 |     6 |    38 ||    59
       Ozocubu's Armour  |       |       |     3 |    20 |    38 ||    61
       Confusing Touch   |       |       |    16 |    20 |    22 ||    58
       Frozen Ramparts   |       |       |       |     8 |    56 ||    64
       Magic Dart        |       |       |       |     2 |     1 ||     3
       Dazzling Flash    |       |       |       |       |    16 ||    16
       Metabolic Englaci |       |       |       |       |     1 ||     1
Invok: Potion Petition   |       |       |       |     1 |       ||     1
Evoke: Wand              |       |       |       |     7 |     5 ||    12
       Box of beasts     |       |       |       |     1 |       ||     1
  Use: Scroll            |       |     6 |     8 |    16 |    13 ||    43
       Potion            |       |     6 |     1 |    11 |     5 ||    23
 Stab: Sleeping          |    31 |    40 |    53 |    64 |   111 ||   299
       Distracted        |     1 |       |     5 |     5 |     5 ||    16
       Invisible         |       |     3 |     1 |     2 |     8 ||    14
       Confused          |       |       |    19 |    13 |    12 ||    44
Armor: Robe              |     3 |     3 |    85 |    72 |   131 ||   294
Dodge: Dodged            |    36 |    24 |   204 |   236 |   404 ||   904
Block: Other             |       |       |    33 |    16 |     1 ||    50
       Buckler           |       |       |       |   252 |   507 ||   759
       Reflection        |       |       |       |     5 |     4 ||     9

Table legend: (Time is in decaauts)
 A = Elapsed time spent in this place.
 B = Non-inter-level travel time spent in this place.
 C = Inter-level travel time spent in this place.
 D = Time resting spent in this place.
 E = Time spent auto-exploring this place.
 F = Levels seen in this place.
 G = Mean time per level.
                   A        B        C        D        E       F      G
               +--------+--------+--------+--------+--------+-----+--------+
         Total |  29331 |  27877 |   1454 |   7219 |  10516 |  21 | 1396.7 |
       Dungeon |  14959 |  13873 |   1086 |   2412 |   6017 |  12 | 1246.6 |
          Lair |   9006 |   8664 |    342 |   1754 |   3983 |   6 | 1501.0 |
  Orcish Mines |   2002 |   1977 |     25 |    603 |    340 |   2 | 1001.0 |
      Ice Cave |   3362 |   3362 |      0 |   2449 |    175 |   1 | 3362.0 |
               +--------+--------+--------+--------+--------+-----+--------+

Top non-repeatable levels by time:
   IceCv: 3362 daAuts
  Lair:6: 2301 daAuts
     D:5: 2097 daAuts
  Lair:4: 2090 daAuts
     D:4: 1745 daAuts
    D:10: 1581 daAuts
     D:8: 1445 daAuts
  Lair:2: 1365 daAuts
     D:6: 1244 daAuts
     D:7: 1207 daAuts
  Lair:5: 1202 daAuts
     D:2: 1111 daAuts
  Lair:3: 1071 daAuts
     D:3: 1036 daAuts
   Orc:1: 1010 daAuts
